 Dungeon Crawl Stone Soup version 0.26.1-11-gd32895ea62 (webtiles) character file.

Game seed: 14229574794625821526

18 Zeld the Insei (level 2, -8/18 HPs)
             Began as an Octopode Transmuter on May 27, 2021.
             Mangled by an ogre
             ... wielding a +0 giant spiked club
              (13 damage)
             ... on level 3 of the Dungeon.
             The game lasted 00:01:19 (1254 turns).

Zeld the Insei (Octopode Transmuter)                Turns: 1254, Time: 00:01:20

Health: -8/18      AC:  1    Str:  9    XL:     2   Next: 66%
Magic:  4/5        EV: 13    Int: 15    God:
Gold:   51         SH:  0    Dex: 12    Spells: 2/5 levels left

rFire    . . .     SeeInvis .     - Unarmed
rCold    . . .     Faith    .   (no shield)
rNeg     . . .     Spirit   .   (helmet currently unavailable)
rPois    .         Reflect  .   (no amulet)
rElec    .         Harm     .   (no ring)
rCorr    .         Rampage  .   (no ring)
Will     .....                  (no ring)
Stlth    ++........             (no ring)
HPRegen  0.06/turn              (no ring)
MPRegen  0.09/turn              (no ring)
                                (no ring)
                                (no ring)

@: lethally poisoned (-8 -> -13), appendages
A: almost no armour, stealthy swim, amphibious, 8 rings, constrict 8, tentacle
spike 3, camouflage 1, gelatinous body 1
a: End Transformation


You were on level 3 of the Dungeon.
One of your tentacles had a temporary spike.
You visited 1 branch of the dungeon, and saw 3 of its levels.

You collected 51 gold pieces.

Inventory:

Jewellery
 f - an uncursed ring of fire {unknown}
Scrolls
 a - a scroll of blinking {unknown}
 b - 2 scrolls of identify {unknown}
 c - 2 scrolls of magic mapping {unknown}
 e - 2 scrolls of enchant weapon {unknown}
 g - a scroll of fear {unknown}
 i - a scroll of remove curse {unknown}
 j - a scroll of immolation {unknown}
Potions
 d - a potion of curing {unknown}
 h - a potion of berserk rage {unknown}
 k - a potion of brilliance {unknown}


   Skills:
 + Level 1.2 Fighting
 + Level 2.2 Dodging
 - Level 3.0 Unarmed Combat
 * Level 2.4 Spellcasting
 * Level 2.3 Transmutations


You had 2 spell levels left.
You knew the following spells:

 Your Spells              Type           Power        Failure   Level
a - Beastly Appendage     Tmut           16%          9%          1
b - Wereblood             Tmut           8%           12%         2

Your spell library contained the following spells:

 Spells                   Type           Power        Failure   Level
 Spider Form              Tmut/Pois      2%           36%         3
 Ice Form                 Ice/Tmut       5%           78%         4
 Blade Hands              Tmut           4%           92%         5


Dungeon Overview and Level Annotations

Branches:
Dungeon (3/15)

Altars:
Trog
Uskayaw


Innate Abilities, Weirdness & Mutations

You cannot wear most types of armour.
You are very stealthy in the water. (Stealth+)
You are amphibious.
You can wear up to eight rings at the same time.
You can use your tentacles to constrict eight enemies at once.
Your skin changes colour to match your surroundings (Stealth+).
Your rubbery body absorbs attacks. (AC +1, EV +1)
One of your tentacles bears a large vicious spike.


Message History

You feel sick. The adder misses you.
You feel sick.
Casting: Beastly Appendage (safe; 9% risk of failure)
Confirm with . or Enter, or press ? or * to list all spells.
You don't know that spell.
There are monsters nearby!
The adder bites you.
You feel sick.
Casting: Beastly Appendage (safe; 9% risk of failure)
Confirm with . or Enter, or press ? or * to list all spells.
One of your tentacles grows a vicious spike.
The adder bites you but does no damage.
* * * LOW HITPOINT WARNING * * *
You feel sick. The adder closely misses you.
You barely miss the adder. You grab the adder. You squeeze the adder!
The adder is severely wounded.
You constrict the adder. The adder barely misses you. x2
The ogre hits you with a +0 giant spiked club!
Ouch! That really hurt!
You die...

.... ..........l
......####....# ##
#.........###### ##.
#####..........# ##... ##
#.).##...###.##...#
......## ##...##....###.
#.##### #.....#.....$.
##.# #.#.#O..#####
...##########...@S.....!#
.....#.[..........#####.#
.###...#####.......# #...
........# #....!..# ###.#
#######.## #.......## .#
#..# ###...)(.# #
##.#####.####.# #.##....#
#.## #.##.##.## #..#


You could see an ogre and an adder.

Vanquished Creatures
  A dart slug (D:3)
  A leopard gecko (D:1)
  2 goblins
  3 hobgoblins
  A kobold (D:3)
  A quokka (D:3)
  2 bats
  2 frilled lizards
  A rat (D:3)
14 creatures vanquished.

Notes
Turn   | Place    | Note
-------+----------+-------------------------------------------
     0 | D:1      | Zeld the Octopode Transmuter began the quest for the Orb.
     0 | D:1      | Reached XP level 1. HP: 13/13 MP: 3/3
   690 | D:2      | Noticed a worker ant
   718 | D:3      | Noticed a +0 dagger
   718 | D:3      | Noticed a -2 dagger
   722 | D:3      | Found a hide-covered altar of Uskayaw.
   739 | D:3      | Reached XP level 2. HP: 10/18 MP: 1/5
   742 | D:3      | Learned a level 2 spell: Wereblood
   980 | D:3      | Found a bloodstained altar of Trog.
  1242 | D:3      | Noticed an ogre
  1254 | D:3      | Mangled by an ogre

Illustrated notes

Levels and vault maps discovered:
D:1:      scummos_arrival_star, layout_loops_ring, minmay_tetromino_i2
D:2:      layout_loops_corners, minivault_25
D:3:      layout_rooms, dancing_weapons_uskayaw, grunt_qazlal_clouds,
          nicolae_overflow_crystal_walls, gup_sewer_entry_bubbles,
          grunt_decor_arrowhead

Action                   || total
-------------------------++-------
Melee: Unarmed           ||    32
       Constrict         ||    11
       Kick              ||     6
       Tentacles         ||     2
 Cast: Beastly Appendage ||    11
 Stab: Sleeping          ||     1
Armor: Skin              ||     6
Dodge: Dodged            ||    25
